 Dungeon Crawl Stone Soup version 0.28.0 (webtiles) character file.

Game seed: 17068812935975902763

51 KamiKatze the Shield-Bearer (level 3, 0/30 HPs)
             Began as a Vine Stalker Fighter on Feb 6, 2022.
             Slain by an adder (2 damage)
             ... on level 2 of the Dungeon.
             The game lasted 00:03:04 (657 turns).

KamiKatze the Shield-Bearer (Vine Stalker Fighter)   Turns: 657, Time: 00:03:05

Health: 0/30       AC: 21    Str: 20    XL:     3   Next: 83%
Magic:  0/4        EV:  2    Int:  8    God:
Gold:   7          SH:  5    Dex: 13    Spells: 2/2 levels left

rFire   . . .      SeeInvis .   a - +0 rapier
rCold   . . .      Faith    .   c - +0 buckler
rNeg    . . .      Spirit   +   (armour currently unavailable)
rPois   +          Reflect  .   (helmet currently unavailable)
rElec   .          Harm     .   (cloak currently unavailable)
rCorr   .          Rampage  .   (gloves currently unavailable)
Will    .....      NoTele   +   (boots currently unavailable)
Stlth   +.........              (no amulet)
HPRegen 0.10/turn               (no ring)
MPRegen 0.09/turn               (no ring)

@: tree-form
A: stationary, stasis, torment immunity, boosted hp, (fangs 2), magic shield,
(antimagic bite), no potion heal 2
a: no special abilities


You were on level 2 of the Dungeon.
You were a tree.
You visited 1 branch of the dungeon, and saw 2 of its levels.

You collected 7 gold pieces.

Inventory:

Hand Weapons
 a - a +0 rapier (weapon)
Missiles
 e - 14 stones (quivered)
Armour
 b - a +0 scale mail (melded)
 c - a +0 buckler (worn)
 h - a +0 helmet (melded)
Scrolls
 f - a scroll of fear {unknown}
Potions
 d - a potion of might


   Skills:
 + Level 3.0 Fighting
 * Level 2.7 Short Blades
 - Level 2.4 Armour
 * Level 3.3 Shields


You had 2 spell levels left.
You didn't know any spells.
Your spell library was empty.

Dungeon Overview and Level Annotations

Branches:
Dungeon (2/15)

Altars:


Innate Abilities, Weirdness & Mutations

You are a tree.
Your roots penetrate the ground, keeping you stationary.
You cannot be teleported.
You are immune to unholy pain and torment.
Your maximum health is greatly increased.
Your equipment is partially melded.
((You have extremely sharp teeth.))
When hurt, damage is shared between your health and your magic reserves.
((Your bite disrupts and absorbs the magic of your enemies.))
Potions cannot restore your health.


Message History

An endoplasm comes into view.
The endoplasm quivers.
The endoplasm moves out of view.
A ball python comes into view.
The ball python hisses angrily.
There is a stone staircase leading down, spattered with blood here.
You climb downwards.
There is a stone staircase leading up, spattered with blood here.
An adder comes into view.
The adder hisses angrily.
You barely miss the adder. The adder bites you.
* * * LOW HITPOINT WARNING * * *
The adder closely misses you.
You closely miss the adder. The adder bites you but does no damage.
You hit the adder.
The adder is lightly wounded.
The adder bites you.
* * * LOW HITPOINT WARNING * * *
You are poisoned.
The adder poisons you! The adder completely misses you.
You hit the adder. You bite the adder. You drain its power.
You feel invigorated.
The adder is almost dead.
* * * LOW HITPOINT WARNING * * *
You feel sick. The adder barely misses you.
You closely miss the adder.
The adder is almost dead.
* * * LOW HITPOINT WARNING * * *
You feel sick. The adder bites you but does no damage.
You hit the adder but do no damage. Your bite misses the adder.
The adder is almost dead.
* * * LOW HITPOINT WARNING * * *
You feel sick.
You are no longer poisoned.
The adder bites you. The adder bites you but does no damage.
It was a potion of lignification.
You turn into a tree.
Your +0 helmet melds into your body.
Your +0 scale mail melds into your body.
Your roots penetrate the ground.
The adder bites you.
You die...

.... .... .... ...
########### >..
#.........# ## #.#
###.# #.##
#S#####<#.#####...
#♣#P#P.).P....#.##
#.#.#...P.....#...
#.#..#..PPP...###.
#..P.#....⌠...# #.
###.P#....⌠≈..# #.
#PP#....≈...# #.
#..P#.#..#..# #.
#...#_#..#..###.
#...P######....†.


You could see an adder.

Vanquished Creatures
  A gnoll (D:2)
  An adder (D:2)
  A worm (D:2)
  A dart slug (D:1)
  5 ball pythons
  4 endoplasms
  4 hobgoblins
  A kobold (D:1)
  3 quokkas
  3 bats
  2 frilled lizards
  A goblin (D:1)
  A rat (D:1)
28 creatures vanquished.

Vanquished Creatures (others)
  2 plants (D:2)
2 creatures vanquished.

Grand Total: 30 creatures vanquished

Notes
Turn   | Place    | Note
-------+----------+-------------------------------------------
     0 | D:1      | KamiKatze the Vine Stalker Fighter began the quest for the
                  | Orb.
     0 | D:1      | Reached XP level 1. HP: 11/11 MP: 2/2
   127 | D:1      | Reached XP level 2. HP: 16/16 MP: 3/3
   407 | D:2      | Reached XP level 3. HP: 11/19 MP: 4/4
   606 | D:2      | Found a faded altar of an unknown god.
   656 | D:2      | HP: 1/20 [poisoned by an adder]
   657 | D:2      | Slain by an adder

Illustrated notes

Levels and vault maps discovered:
D:1:      matt_arrival_spirals, layout_basic, minmay_quantized
D:2:      layout_basic, shapermc_ecumenical_altar_mp_ritualfount,
          minmay_misc_feat_pillars

Skill      XL: |  1  2  3 |
---------------+----------+-----
Short Blades   | 2 |  2.7
Shields        | 3 |  3.3
Fighting       | 3 |  3.0
Armour         | |  2.4

Action                   || total
-------------------------++-------
Melee: Rapier            ||    77
       Bite              ||    15
  Use: Potion            ||     1
Armor: Scale mail        ||    26
Dodge: Dodged            ||    34
Block: Buckler           ||    16
